 Dungeon Crawl Stone Soup version 0.31-a0-978-g1e143483b6 (webtiles) character file.

Game seed: 9036875349748086329

2981 sammy202020 the Ruffian (level 9, -7/62 HPs)
             Began as a Demonspawn Shapeshifter on Oct 30, 2023.
             Was a Follower of Hepliaklqana.
             Shot with an arrow by a centaur (11 damage)
             ... on level 7 of the Dungeon.
             The game lasted 00:11:59 (6271 turns).

sammy202020 the Ruffian (Demonspawn Shapeshifter)   Turns: 6271, Time: 00:12:01

Health: -7/62      AC: 11    Str: 19    XL:     9   Next: 53%
Magic:  9/9        EV: 10    Int: 12    God:    Hepliaklqana [*.....]
Gold:   262        SH:  0    Dex: 12    Spells: 8/8 levels left

rFire   . .          .
                       - Unarmed
rCold   . . .        (no shield)
rNeg    . . .        g - +2 chain mail
rPois   .            (helmet currently unavailable)
rElec   .            (cloak unavailable)
rCorr   +            (gloves currently unavailable)
SInv    +            (boots currently unavailable)
Will    .....        (no amulet) Stlth
                     f - ring of resist corrosion
HPRegen 0.30/turn    k - ring of see invisible
MPRegen 0.11/turn

%: no passive effects
@: beast-form
A: beast (slay +3), reduced essence, demonic guardian 3, powered by death 1,
sturdy frame 1, weakness stinger 3
a: Begin Untransformation, Renounce Religion, Recall Ancestor, Ancestor Identity


You were on level 7 of the Dungeon.
You worshipped Hepliaklqana.
Hepliaklqana was aware of your devotion.
You were a hulking beast.
You visited 2 branches of the dungeon, and saw 8 of its levels.

You collected 262 gold pieces.

Inventory:

Hand Weapons
 j - a +2 hand axe of flaming
Armour
 g - a +2 chain mail (worn)
 m - a +0 helmet
Jewellery
 f - a ring of resist corrosion (left hand)
 k - a ring of see invisible (right hand)
 l - a ring of positive energy
Talismans
 c - a beast talisman (active)
 d - a flux talisman
Wands
 y - a wand of light (12)
Scrolls
 i - 3 scrolls of torment
 t - a scroll of fear
 u - a scroll of enchant armour
 v - 2 scrolls of teleportation
 x - a scroll of amnesia
 z - a scroll of fog
Potions
 a - a potion of ambrosia
 b - 5 potions of lignification
 e - 3 potions of curing
 h - a potion of berserk rage
 n - a potion of haste
 o - a potion of invisibility {unknown}
 q - a potion of attraction {unknown}
 r - 2 potions of heal wounds
 s - a potion of enlightenment {unknown}
 w - a potion of might {unknown}


   Skills:
 * Level 5.7 Fighting
 + Level 3.4 Axes
 * Level 4.9 Armour
 * Level 5.4 Dodging
 * Level 5.9 Unarmed Combat
 * Level 5.3 Shapeshifting


You had 8 spell levels left.
You didn't know any spells.
Your spell library was empty.

Dungeon Overview and Level Annotations

Branches:
Dungeon (7/15)             Temple (1/1) D:4

Altars:
Ashenzari
Cheibriados
Dithmenos
Fedhas
Hepliaklqana
Kikubaaqudgha
Nemelex Xobeh
Okawaru
Qazlal
Ru
Sif Muna
Trog
Uskayaw
Vehumet
Wu Jian
Yredelemnul

Shops:
D:6 :


Innate Abilities, Weirdness & Mutations

You are a hulking beast.
Your limbs bulge with bestial killing power. (Slay +3)
Your life essence is reduced to manifest your ancestor. (-10% HP)
A powerful demonic guardian rushes to your aid.
You regenerate a little health from kills.
Your movements are slightly less encumbered by armour. (ER -2)
You have a sharp stinger which inflicts weakening toxins.


Message History

The steam dragon is moderately wounded.
The centaur shoots an arrow.
The arrow hits you.
* * * LOW HITPOINT WARNING * * *
Your soul eater barely misses the steam dragon.
The steam dragon bites you but does no damage.
The steam dragon misses you.
The centaur shoots an arrow.
The arrow hits you.
* * * LOW HITPOINT WARNING * * *
You swap places.
The steam dragon bites Zolin.
The steam dragon claws Zolin but does no damage.
Zolin hits the steam dragon.
A steam dragon is nearby!
The steam dragon bites Zolin.
The steam dragon claws Zolin but does no damage.
Zolin closely misses the steam dragon.
The steam dragon bites Zolin but does no damage.
The steam dragon claws Zolin.
Zolin hits the steam dragon.
The centaur shoots an arrow.
The arrow hits Zolin.
The steam dragon bites Zolin.
The steam dragon claws Zolin but does no damage.
Zolin hits the steam dragon but does no damage.
The centaur shoots an arrow.
The arrow closely misses Zolin.
The arrow closely misses you.
The steam dragon is no longer weakened.
The steam dragon barely misses Zolin.
The steam dragon completely misses Zolin.
The centaur shoots an arrow.
The arrow barely misses Zolin.
The arrow hits you.
* * * LOW HITPOINT WARNING * * *
Zolin hits the steam dragon but does no damage.
The centaur shoots an arrow.
The arrow hits Zolin!!
The steam dragon bites Zolin!
Zolin is destroyed!
The centaur shoots an arrow.
The arrow misses you. The steam dragon breathes steam at you.
The ball of steam hits you but does no damage.
The centaur is engulfed in a cloud of scalding steam.
The centaur shoots an arrow.
The arrow hits you!
* * * LOW HITPOINT WARNING * * *
A demonic guardian appears!
The centaur is engulfed in a cloud of scalding steam.
The centaur shoots an arrow.
The arrow hits you!
You die...

.# #.#
#.#......#
)# #.#
#.#R######
<# #.#
#...# .#
#.# #####
.# #.# ##
#.# #.#####
#<..3.#
#####h# #.#
#§# #c# #§#
#...3D....#
#.####.##.#
#.# .) #.#
c#


You could see a centaur (ally target) and a friendly sixfirhy (summoned,
wandering).

Vanquished Creatures
  Pikel (D:7)
  Grinder (D:3)
  Sigmund (D:3)
  A steam dragon (D:7)
  Menkaure (D:5)
  2 orc warriors (D:6)
  3 ice beasts (D:5)
  2 phantoms
  A lemure (D:7)
  A bullfrog (D:6)
  3 scorpions
  3 howler monkeys
  A jelly (D:4)
  An orc priest (D:6)
  A sleepcap (D:5)
  A hound (D:4)
  2 iguanas (D:4)
  2 orc wizards (D:4)
  Natasha (thrice) (D:2)
  Terence (D:3)
  7 gnolls
  5 adders
  A white imp (D:6)
  An ufetubus (D:6)
  4 worms (D:2)
  3 dart slugs
  12 orcs
  8 ball pythons
  5 endoplasms
  5 giant cockroaches
  6 goblins
  8 hobgoblins
  6 kobolds
  4 quokkas
  16 bats
  3 frilled lizards (D:1)
  4 rats
130 creatures vanquished.

Vanquished Creatures (collateral kills)
  2 ice beasts (D:6)
  An ogre (D:5)
  A sleepcap (D:6)
  An orc priest (D:6)
  An orc wizard (D:6)
  An iguana (D:6)
  An ufetubus (D:6)
  3 orcs (D:6)
  A frilled lizard (D:3)
12 creatures vanquished.

Vanquished Creatures (others)
  2 ancestors (D:7)
2 creatures vanquished.

Grand Total: 144 creatures vanquished

Notes
Turn   | Place    | Note
-------+----------+-------------------------------------------
     0 | D:1      | sammy202020 the Demonspawn Shapeshifter began the quest for
                  | the Orb.
     0 | D:1      | Reached XP level 1. HP: 15/15 MP: 1/1
    84 | D:1      | Gained mutation: Your movements are slightly less
                  | encumbered by armour. (ER -2) [demonic ancestry]
    84 | D:1      | Reached XP level 2. HP: 21/21 MP: 2/2
   428 | D:1      | Gained mutation: You have a small tail. [demonic ancestry]
   428 | D:1      | Reached XP level 3. HP: 27/27 MP: 3/3
   468 | D:1      | Reached skill level 1 in Armour
  1121 | D:2      | Gained mutation: You have a tail ending in a sharp stinger.
                  | [demonic ancestry]
  1121 | D:2      | Reached XP level 4. HP: 33/33 MP: 4/4
  1310 | D:2      | Noticed Natasha
  1321 | D:2      | Killed Natasha
  1429 | D:2      | Identified the +8 orcbow of the Wasteland {heavy, Contam
                  | +Blink rC- rN+++}
  1488 | D:2      | Noticed Natasha
  1493 | D:2      | Killed Natasha
  1506 | D:2      | Gained mutation: A weak demonic guardian rushes to your
                  | aid. [demonic ancestry]
  1506 | D:2      | Reached XP level 5. HP: 15/38 MP: 5/5
  1702 | D:2      | Noticed Natasha
  1711 | D:2      | Killed Natasha
  1857 | D:3      | Noticed Sigmund
  1869 | D:3      | Killed Sigmund
  1870 | D:3      | Reached skill level 1 in Axes
  1870 | D:3      | Gained mutation: A demonic guardian rushes to your aid.
                  | [demonic ancestry]
  1870 | D:3      | Reached XP level 6. HP: 25/46 MP: 6/6
  2067 | D:3      | Noticed Grinder
  2091 | D:3      | Killed Grinder
  2092 | D:3      | Gained mutation: You have a sharp stinger which inflicts
                  | weakening toxins. [demonic ancestry]
  2092 | D:3      | Reached XP level 7. HP: 17/52 MP: 7/7
  2749 | D:3      | Noticed Terence
  2763 | D:3      | Killed Terence
  2825 | D:3      | Identified the +5 dagger "Killer Bee's Regret" {drain, rC+}
  2925 | D:4      | Found a staircase to the Ecumenical Temple.
  3021 | Temple   | Entered the Ecumenical Temple
  3405 | Temple   | Became a worshipper of Hepliaklqana the Forgotten
  3498 | D:4      | Found a shimmering blue altar of Sif Muna.
  3799 | D:4      | Found a blossoming altar of Fedhas.
  4101 | D:5      | Entered Level 5 of the Dungeon
  4110 | D:5      | Gained mutation: You regenerate a little health from kills.
                  | [demonic ancestry]
  4110 | D:5      | Reached XP level 8. HP: 13/60 MP: 8/8
  4616 | D:5      | Noticed Menkaure
  4625 | D:5      | Killed Menkaure
  4626 | D:5      | Reached skill level 5 in Unarmed Combat
  5173 | D:5      | Reached * piety under Hepliaklqana
  5301 | D:6      | Found an ornate altar of the Wu Jian Council.
  5322 | D:6      | Found Egacwacw's Book Shoppe.
  5461 | D:6      | Reached skill level 5 in Fighting
  5492 | D:6      | Gained mutation: A powerful demonic guardian rushes to your
                  | aid. [demonic ancestry]
  5492 | D:6      | Reached XP level 9. HP: 23/61 MP: 9/9
  5830 | D:6      | Reached skill level 5 in Dodging
  5899 | D:6      | Reached skill level 5 in Shapeshifting
  6048 | D:7      | Noticed Pikel
  6073 | D:7      | Killed Pikel
  6271 | D:7      | Shot with an arrow by a centaur

Illustrated notes

Levels and vault maps discovered:
D:1:      spicycebolla_green_bress_n_ham_2, layout_basic
D:2:      minmay_skewed_foursquare, layout_basic, minmay_bisected, uniq_natasha
D:3:      layout_loops_corners, uniq_grinder, uniq_terence, uniq_sigmund
D:4:      layout_basic, general_overflow_altar, lemuel_tele_altar,
          minmay_temple_entry_large_hall
D:5:      layout_basic, uniq_menkaure
D:6:      layout_gridville, nicolae_wu_jian_wuxing_cycle, serial_shops,
          nicolae_stop_n_shop_1, roderic_batcave
D:7:      layout_loops_ring, serial_shops, nicolae_shop_tiny_glass,
          minivault_10, uniq_pikel, uniq_duvessa, uniq_maggie
Temple:   minmay_freezing_vapour_temple

Skill      XL: |  1  2  3  4  5  6  7  8  9 |
---------------+----------------------------+-----
Dodging        | 2 3 4 5 |  5.4
Unarmed Combat | 3 4 5 |  5.9
Armour         | 1 2 3 4 |  4.9
Fighting       | 2 3 4 5 |  5.7
Shapeshifting  | 3 4 5 |  5.3
Axes           | 1 2 3 |  3.4

Action                     |  1- 3 |  4- 6 |  7- 9 || total
---------------------------+-------+-------+-------++-------
  Melee: Unarmed           |   114 |    77 |   309 ||   500
         Punch             |     4 |     2 |    10 ||    16
         Tailslap          |    13 |     7 |    49 ||    69
    Use: Scroll            |     2 |     2 |    13 ||    17
   Stab: Distracted        |       |       |     1 ||     1
 Armour: Animal skin       |    15 |       |       ||    15
         Chain mail        |    39 |    49 |   245 ||   333
         Leather armour    |     4 |       |       ||     4
         Ring mail         |     1 |       |       ||     1
  Dodge: Dodged            |    56 |    29 |   138 ||   223
   Form: Beast             |     1 |       |       ||     1

Table legend: (Time is in decaauts)
 A = Elapsed time spent in this place.
 B = Non-inter-level travel time spent in this place.
 C = Inter-level travel time spent in this place.
 D = Time resting spent in this place.
 E = Time spent auto-exploring this place.
 F = Levels seen in this place.
 G = Mean time per level.
                   A        B        C        D        E       F      G
               +--------+--------+--------+--------+--------+-----+--------+
         Total |   6241 |   6181 |     60 |    828 |   4192 |   8 |  780.1 |
       Dungeon |   5852 |   5792 |     60 |    479 |   4192 |   7 |  836.0 |
        Temple |    389 |    389 |      0 |    349 |      0 |   1 |  389.0 |
               +--------+--------+--------+--------+--------+-----+--------+

Top non-repeatable levels by time:
     D:5: 1161 daAuts
     D:2: 1123 daAuts
     D:3: 1079 daAuts
     D:4: 791 daAuts
     D:6: 770 daAuts
     D:1: 706 daAuts
  Temple: 389 daAuts
     D:7: 219 daAuts
